 Dungeon Crawl Stone Soup version 0.27-a0-1137-g3ef0f4ec91 (webtiles) character file.

Game seed: 8727145315211747517

2389 siradein the Carver (level 9, -12/71 HPs)
             Began as a Minotaur Fighter on May 6, 2021.
             Was a Follower of Nemelex Xobeh.
             Mangled by a two-headed ogre
             ... wielding a +0 giant spiked club
              (17 damage)
             ... on level 8 of the Dungeon.
             The game lasted 00:30:53 (9767 turns).

siradein the Carver (Minotaur Fighter)              Turns: 9767, Time: 00:30:54

Health: -12/71     AC: 12    Str: 26    XL:     9   Next: 22%
Magic:  8/8        EV:  4    Int: 11    God:    Nemelex Xobeh [*.....]
Gold:   292        SH: 10    Dex: 11    Spells: 8/8 levels left

rFire    . . .     SeeInvis .   F - +2 long sword (freeze)
rCold    . . .     Faith    .   c - +0 kite shield
rNeg     . . .     Spirit   .   h - +0 plate armour
rPois    .         Reflect  .   (helmet restricted)
rElec    .         Harm     .   (no cloak)
rCorr    .         Rampage  .   (no gloves)
Will     .....                  a - +0 pair of boots
Stlth    ..........             A - amulet "Serurid" {Acrobat Str+3}
HPRegen  0.21/turn              m - +6 ring of intelligence
MPRegen  0.11/turn              (no ring)

@: no status effects
A: horns 2, retaliatory headbutt
a: Renounce Religion, Draw Escape, Draw Destruction, Draw Summoning


You were on level 8 of the Dungeon.
You worshipped Nemelex Xobeh.
Nemelex Xobeh was aware of your devotion.
You visited 2 branches of the dungeon, and saw 9 of its levels.

You collected 428 gold pieces.
You spent 136 gold pieces at shops.

Inventory:

Hand Weapons
 F - a +2 long sword of freezing (weapon)
Missiles
 p - 2 boomerangs (quivered)
 y - 15 bolts
Armour
 a - a +0 pair of boots (worn)
 c - a +0 kite shield (worn)
 h - a +0 plate armour (worn)
Jewellery
 m - a +6 ring of intelligence (left hand)
 A - the amulet "Serurid" (around neck) {Acrobat Str+3}
   (You found it on level 6 of the Dungeon)

   [amulet of the acrobat]

   It increases your evasion while moving and waiting.
   It affects your strength (+3).
Wands
 o - a wand of polymorph (12)
Scrolls
 b - 2 scrolls of magic mapping {unknown}
 g - 3 scrolls of teleportation
 l - a scroll of fog {unknown}
 r - 2 scrolls of holy word {unknown}
 t - a scroll of blinking {unknown}
 x - a scroll of brand weapon {unknown}
 z - a scroll of vulnerability {unknown}
 C - 3 scrolls of identify
 E - a scroll of acquirement {unknown}
Potions
 d - 3 potions of might
 e - 2 potions of haste
 f - 4 potions of flight
 i - a potion of magic {unknown}
 j - 2 potions of heal wounds
 k - 2 potions of attraction {unknown}
 n - 2 potions of mutation {unknown}
 q - 3 potions of curing {unknown}
 u - a potion of berserk rage {unknown}
 w - 2 potions of lignification {unknown}
 B - a potion of resistance {unknown}
 D - a potion of invisibility


   Skills:
 + Level 3.9 Fighting
 - Level 14.0 Long Blades
 + Level 3.9 Armour
 + Level 3.9 Shields
 + Level 1.0 Invocations


You had 8 spell levels left.
You didn't know any spells.
Your spell library contained the following spells:

 Spells                   Type           Power      Damage    Failure   Level
 Freeze                   Ice            0%         1d3       100%        1
 Shock                    Conj/Air       0%         1d3       100%        1
 Static Discharge         Conj/Air       0%         N/A       100%        2
 Frozen Ramparts          Ice            0%         1d2       100%        3
 Ozocubu's Armour         Ice            0%         N/A       100%        3
 Swiftness                Air            0%         N/A       100%        3
 Airstrike                Air            0%         N/A       100%        4
 Hailstorm                Conj/Ice       0%         3d3       100%        4
 Lightning Bolt           Conj/Air       0%         1d11      100%        5
 Metabolic Englaciation   Hex/Ice        0%         N/A       100%        5


Dungeon Overview and Level Annotations

Branches:
Dungeon (8/15)             Temple (1/1) D:5
   Lair: D:8-11

Altars:
Ashenzari
Cheibriados
Dithmenos
Elyvilon
Fedhas
Gozag
Hepliaklqana
Kikubaaqudgha
Nemelex Xobeh
Qazlal
Ru
Sif Muna
Trog
Uskayaw
Vehumet
Wu Jian
Xom
Yredelemnul
Zin
The Shining One

Shops:
D:3 [   D:7 *!(([


Innate Abilities, Weirdness & Mutations

You have a pair of horns on your head.
You reflexively headbutt those who attack you in melee.


Message History

The two-headed ogre resists.
Throw: 2 darts (datura)
Press: ? - help, Q - select action, (/) - cycle Shift-Dir - straight line, f/p - two-headed ogre
Aim: a two-headed ogre, wielding two +0 giant spiked clubs (71% to hit, chance to frenzy on hit: 3%)
You throw a datura-tipped dart.
The datura-tipped dart hits the two-headed ogre.
The two-headed ogre resists.
Throw: dart (datura)
Press: ? - help, Q - select action, (/) - cycle Shift-Dir - straight line, f/p - two-headed ogre
Aim: a two-headed ogre, wielding two +0 giant spiked clubs (72% to hit, chance to frenzy on hit: 3%)
You throw a datura-tipped dart.
The datura-tipped dart hits the two-headed ogre.
The two-headed ogre resists.
You hit the two-headed ogre. You freeze the two-headed ogre.
You headbutt the two-headed ogre.
The two-headed ogre is moderately wounded.
The two-headed ogre hits you with a +0 giant spiked club.
You block the two-headed ogre's attack.
You slash the two-headed ogre! You freeze the two-headed ogre.
The two-headed ogre is heavily wounded.
The two-headed ogre hits you with a +0 giant spiked club!!
The two-headed ogre hits you with a +0 giant spiked club!
You closely miss the two-headed ogre. You headbutt the two-headed ogre.
The two-headed ogre is heavily wounded.
You hit the two-headed ogre. You freeze the two-headed ogre.
You headbutt the two-headed ogre.
The two-headed ogre is severely wounded.
The two-headed ogre hits you with a +0 giant spiked club!!
* * * LOW HITPOINT WARNING * * *
The two-headed ogre barely misses you.
You hit the two-headed ogre. You freeze the two-headed ogre.
You headbutt the two-headed ogre.
The two-headed ogre is severely wounded.
The two-headed ogre barely misses you.
You riposte.
You hit the two-headed ogre. You freeze the two-headed ogre.
Your headbutt misses the two-headed ogre.
The two-headed ogre is almost dead.
The two-headed ogre hits you with a +0 giant spiked club!
You die...
Your body disappears without a glow.

#######################
#....O@................
#.####################.
#.# #. #.# #.
#.############# #.
#....(.((.......# #<
#...............# #.
#...............# #.
#..........<....# #.


You could see a two-headed ogre.

Vanquished Creatures
  Grinder (D:4)
  Prince Ribbit (D:7)
  Eustachio (D:4)
  A wyvern (D:8)
  Edmund (D:3)
  A water moccasin (D:6)
  A sky beast (D:5)
  2 ogres
  A phantom (D:6)
  Blork the orc (D:5)
  4 scorpions
  4 howler monkeys
  A bullfrog zombie (D:5)
  A bullfrog skeleton (D:5)
  3 hounds
  3 jellies
  An orc priest (D:7)
  2 iguanas
  Jessica (D:3)
  3 orc wizards
  A killer bee zombie (D:8)
  A hound zombie (D:5)
  A howler monkey zombie (D:5)
  10 adders
  4 gnolls
  A howler monkey skeleton (D:6)
  2 ufetubi
  An adder skeleton (D:4)
  5 worms
  3 dart slugs
  11 orcs
  3 endoplasms
  2 giant cockroaches
  8 goblins
  3 hobgoblins
  2 quokkas
  3 ball pythons
  3 bats
  6 kobolds
  5 rats
109 creatures vanquished.

Notes
Turn   | Place    | Note
-------+----------+-------------------------------------------
     0 | D:1      | siradein the Minotaur Fighter began the quest for the Orb.
     0 | D:1      | Reached XP level 1. HP: 19/19 MP: 0/0
    37 | D:1      | Reached skill level 3 in Long Blades
    37 | D:1      | Reached XP level 2. HP: 22/26 MP: 1/1
   321 | D:1      | Reached skill level 4 in Long Blades
   894 | D:2      | Reached XP level 3. HP: 15/31 MP: 2/2
  1136 | D:2      | Found the +2 ratskin cloak {*Rats rPois rN+ Str-1 Int-1
                  | Dex+1}
  1594 | D:2      | Found a faded altar of an unknown god.
  1763 | D:2      | Reached skill level 5 in Long Blades
  2062 | D:3      | Reached XP level 4. HP: 13/39 MP: 3/3
  2864 | D:3      | Noticed Jessica
  2867 | D:3      | Killed Jessica
  2868 | D:3      | Reached skill level 6 in Long Blades
  2940 | D:3      | Reached XP level 5. HP: 45/45 MP: 4/4
  3203 | D:3      | Found Cajegu's Antique Armour Shoppe.
  3387 | D:4      | Noticed Edmund
  4058 | D:3      | HP: 2/45 [Edmund/+1 dire flail of protection (11)]
  4662 | D:4      | Reached skill level 7 in Long Blades
  4949 | D:4      | Noticed an ogre
  5345 | D:4      | Reached XP level 6. HP: 49/51 MP: 5/5
  5369 | D:4      | Found a snail-covered altar of Cheibriados.
  5397 | D:4      | Noticed Eustachio
  5445 | D:4      | Killed Eustachio
  5446 | D:4      | Reached skill level 8 in Long Blades
  5450 | D:4      | Reached skill level 9 in Long Blades
  5554 | D:4      | Reached XP level 7. HP: 25/57 MP: 6/6
  5800 | D:4      | Noticed Grinder
  5800 | D:4      | Paralysed by Grinder for 5 turns
  5818 | D:4      | Killed Grinder
  5819 | D:4      | Reached skill level 10 in Long Blades
  6430 | D:5      | Entered Level 5 of the Dungeon
  6566 | D:5      | Reached skill level 11 in Long Blades
  6579 | D:5      | Reached XP level 8. HP: 32/64 MP: 7/7
  7092 | D:5      | Noticed Blork the orc
  7098 | D:5      | Killed Blork the orc
  7159 | D:5      | Found a staircase to the Ecumenical Temple.
  7175 | D:5      | Reached skill level 12 in Long Blades
  7182 | Temple   | Entered the Ecumenical Temple
  7408 | Temple   | Became a worshipper of Nemelex Xobeh the Trickster
  7616 | D:3      | Killed Edmund
  7698 | D:6      | You fall into a shaft and drop 2 floors!
  7989 | D:8      | Noticed a troll
  8062 | D:8      | Noticed a two-headed ogre
  8118 | D:7      | Noticed Prince Ribbit
  8121 | D:7      | Reached skill level 13 in Long Blades
  8141 | D:7      | Found Veirch's Weapon Boutique.
  8366 | D:6      | Reached XP level 9. HP: 60/70 MP: 8/8
  8493 | D:6      | Found a basalt altar of Yredelemnul.
  8493 | D:6      | Found a glowing silver altar of Zin.
  8494 | D:6      | Found a broken altar of Ashenzari.
  8497 | D:6      | Identified the amulet "Serurid" {Acrobat Str+3}
  8499 | D:6      | Found a shimmering altar of Xom.
  8656 | D:6      | Reached * piety under Nemelex Xobeh
  8760 | D:7      | Found Rikurhu's Distillery.
  9183 | D:7      | Found Vyckareu's General Store.
  9237 | D:7      | Killed Prince Ribbit
  9238 | D:7      | Reached skill level 14 in Long Blades
  9430 | D:7      | Reached skill level 1 in Invocations
  9535 | D:7      | Found Cusujej's Antique Weapon Shoppe.
  9542 | D:7      | Bought a runed long sword for 136 gold pieces
  9662 | D:7      | Found Qeqeff's Armour Shoppe.
  9760 | D:8      | HP: 3/71 [two-headed ogre/+0 giant spiked club (28)]
  9767 | D:8      | Mangled by a two-headed ogre

Illustrated notes

Levels and vault maps discovered:
D:1:      nicolae_arrival_washed_ashore, layout_basic, minmay_misc_feat_columns
D:2:      layout_loops_ring, hellmonk_ecumenical_altar_leap_of_faith,
          lightli_corner_chamber
D:3:      layout_basic, serial_shops, nicolae_shop_trees, uniq_jessica
D:4:      layout_loops_ring, chei_slow_surprise, st_stairs_11, uniq_edmund,
          uniq_grinder, uniq_eustachio
D:5:      layout_gridville, minmay_temple_entry_tees,
          minmay_misc_feat_diagonals, uniq_blork_the_orc
D:6:      layout_rooms, minitemple, lemuel_another_geyser
D:7:      layout_rooms, serial_shops, nicolae_shop_crystal, shop, shop,
          nicolae_shop_statue_plus, nicolae_shop_waterfront, uniq_prince_ribbit1
D:8:      layout_basic, erik_lair_island, uniq_psyche
Temple:   regret_index_temple_generic_petals

Skill      XL: |  1  2  3  4  5  6  7  8  9 |
---------------+----------------------------+-----
Long Blades    | 3 4 5 6 7 9 11 13 14 | 14.0
Invocations    | 1 |  1.0
Fighting       | |  3.9
Armour         | |  3.9
Shields        | |  3.9

Action                   |  1- 3 |  4- 6 |  7- 9 || total
-------------------------+-------+-------+-------++-------
Melee: Long sword        |    72 |   144 |     5 ||   221
       Headbutt          |     9 |    29 |    59 ||    97
       Unarmed           |       |     9 |       ||     9
       Falchion          |       |     5 |   221 ||   226
Throw: Dart              |       |       |     3 ||     3
  Use: Scroll            |       |       |     5 ||     5
       Potion            |       |       |     1 ||     1
Armor: Scale mail        |    31 |    35 |    29 ||    95
       Plate armour      |       |       |    46 ||    46
Dodge: Dodged            |    17 |    38 |    52 ||   107
Block: Kite shield       |    36 |    70 |    93 ||   199
       Rpst.: Long sword |     6 |     7 |     1 ||    14
       Falchion          |       |       |    12 ||    12

Table legend: (Time is in decaauts)
 A = Elapsed time spent in this place.
 B = Non-inter-level travel time spent in this place.
 C = Inter-level travel time spent in this place.
 D = Time resting spent in this place.
 E = Time spent auto-exploring this place.
 F = Levels seen in this place.
 G = Mean time per level.
                   A        B        C        D        E       F      G
               +--------+--------+--------+--------+--------+-----+--------+
         Total |   9828 |   9454 |    374 |   1603 |   5561 |   9 | 1092.0 |
       Dungeon |   9530 |   9178 |    352 |   1603 |   5358 |   8 | 1191.2 |
        Temple |    297 |    275 |     22 |      0 |    203 |   1 |  297.0 |
               +--------+--------+--------+--------+--------+-----+--------+

Top non-repeatable levels by time:
     D:2: 2067 daAuts
     D:3: 2064 daAuts
     D:4: 1781 daAuts
     D:7: 867 daAuts
     D:5: 813 daAuts
     D:6: 787 daAuts
     D:1: 727 daAuts
     D:8: 421 daAuts
  Temple: 297 daAuts
